 Dungeon Crawl Stone Soup version 0.31-a0-175-g9f7f995f2b (webtiles) character file.

Game seed: 12482106605959027202

29 Maxmaps the Shooter (level 3, 0/27 HPs)
             Began as a Formicid Hunter on June 17, 2023.
             Slain by a goblin
             ... wielding a +0 club
             ... led by Robin
              (3 damage)
             ... on level 2 of the Dungeon.
             The game lasted 00:00:53 (807 turns).

Maxmaps the Shooter (Formicid Hunter)                Turns: 807, Time: 00:00:54

Health: 0/27       AC:  3    Str: 15    XL:     3   Next: 32%
Magic:  3/3        EV: 12    Int:  8    God:
Gold:   59         SH:  0    Dex: 19    Spells: 2/2 levels left

rFire   . . .        a - +0 shortbow
rCold   . . .        (no shield)
rNeg    . . .        c - +0 leather armour
rPois   .            (helmet unavailable)
rElec   .            (no cloak)
rCorr   .            (no gloves)
SInv    +            (no boots)
Will    .....        (no amulet)
Stlth   ++           (no ring)
HPRegen 0.24/turn    (no ring)
MPRegen 0.08/turn

%: no passive effects
@: no status effects
A: permanent stasis, dig shafts and tunnels, antennae 3, four strong arms
a: Dig, Shaft Self


You were on level 2 of the Dungeon.
You visited 1 branch of the dungeon, and saw 2 of its levels.

You collected 59 gold pieces.

Inventory:

Hand Weapons
 a - a +0 shortbow (weapon)
Armour
 c - a +0 leather armour (worn)
Scrolls
 b - a scroll of butterflies
 d - 2 scrolls of amnesia {unknown}
 g - a scroll of poison {unknown}
 i - a scroll of noise {unknown}
 j - a scroll of blinking {unknown}
Potions
 e - a potion of mutation {unknown}
 f - a potion of lignification {unknown}
 h - a potion of might {unknown}


   Skills:
 - Level 2.1 Fighting
 + Level 5.0 Ranged Weapons
 - Level 1.7 Dodging
 - Level 1.2 Stealth


You had 2 spell levels left.
You didn't know any spells.
Your spell library contained the following spells:

 Spells                   Type           Power      Damage    Failure   Level
 Cigotuvi's Dreadful Rot  Necr/Pois/Air  0%         N/A       63%         2
 Ensorcelled Hibernation  Hex/Ice        0%         N/A       63%         2
 Passwall                 Tmut/Erth      0%         N/A       63%         2
 Ignite Poison            Fire/Tmut/Pois 0%         N/A       85%         3
 Freezing Cloud           Conj/Ice/Air   0%         6-21      100%        5
 Swiftness                Air            Unusable   N/A       N/A         3

Dungeon Overview and Level Annotations

Branches:
Dungeon (2/15)

Altars:

Annotations:
D:2 Robin


Innate Abilities, Weirdness & Mutations

You cannot be hasted, slowed, berserked, paralysed or teleported.
You can dig through walls and to a lower floor.
You have a pair of large antennae on your head. (SInv)
Your four strong arms can wield two-handed weapons with a shield.


Message History

You shoot an arrow. The arrow barely misses Robin.
The arrow hits the hobgoblin.
The hobgoblin is almost dead.
A goblin comes into view. It is wielding a +0 dagger.
Robin roars a battlecry!
The goblin goes into a battle-frenzy!
A goblin comes into view. It is wielding a +0 club.
You hear a shout!
You shoot an arrow. The arrow barely misses Robin.
The arrow closely misses the kobold.
A goblin comes into view. It is wielding a +0 dagger.
Robin throws the goblin at you!
You shoot an arrow.
The arrow hits the goblin but does no damage.
The goblin hits you with a +0 club. Robin hits you but does no damage.
Unknown command.
You shoot an arrow. The arrow closely misses the hobgoblin.
The arrow hits the goblin.
You kill the goblin!
The goblin hits you with a +0 club. Robin throws the goblin at you!
The goblin barely misses you. The hobgoblin barely misses you.
Your Ranged Weapons skill increases to level 5!
You shoot an arrow. The arrow hits the hobgoblin!
You kill the hobgoblin!
Robin closely misses you. The goblin completely misses you.
The goblin misses you. The goblin hits you with a +0 club.
The goblin hits you but does no damage. Robin misses you.
The kobold barely misses you.
Unknown command.
The hobgoblin attacks as you move away!
The hobgoblin hits you but does no damage.
The goblin misses you. The goblin hits you with a +0 club.
* * * LOW HITPOINT WARNING * * *
Robin throws the goblin at you!
You shoot an arrow. The arrow hits the goblin!
You kill the goblin!
The goblin closely misses you. The kobold hits you with a +0 whip.
* * * LOW HITPOINT WARNING * * *
The goblin hits you with a +0 club.
You die...

#...............##....
#.....###......)## ..
#....####........+
..... #..........#
.....##..........#
....$...........##
...................
......).g..........
####..@g...........
#..gKg..........
#......g..##......
#.....!g..# .....
............. ##.
............>##
........)....).
................
............).)


You could see Robin, a hobgoblin (strong), 4 goblins and a kobold.

Vanquished Creatures
  4 endoplasms
  A giant cockroach (D:1)
  5 goblins (D:2)
  4 hobgoblins
  A kobold (D:1)
  2 quokkas
  2 ball pythons (D:1)
  4 bats
  2 rats (D:1)
25 creatures vanquished.

Notes
Turn   | Place    | Note
-------+----------+-------------------------------------------
     0 | D:1      | Maxmaps the Formicid Hunter began the quest for the Orb.
     0 | D:1      | Reached XP level 1. HP: 16/16 MP: 1/1
   164 | D:1      | Reached XP level 2. HP: 22/22 MP: 2/2
   779 | D:2      | Reached XP level 3. HP: 27/27 MP: 3/3
   794 | D:2      | Noticed Robin
   805 | D:2      | Reached skill level 5 in Ranged Weapons
   807 | D:2      | Slain by a goblin

Illustrated notes

Levels and vault maps discovered:
D:1:      wander_arrival_lonely_grave, layout_loops_ring, minivault_5
D:2:      layout_basic, ebering_ecumenical_altar_webs, patterned_corridor,
          uniq_robin

Skill      XL: |  1  2  3 |
---------------+----------+-----
Ranged Weapons | 5 |  5.0
Fighting       | |  2.1
Dodging        | |  1.7
Stealth        | |  1.2

Action                     || total
---------------------------++-------
   Fire: Shortbow          ||    64
 Armour: Leather armour    ||    15
  Dodge: Dodged            ||    23

Table legend: (Time is in decaauts)
 A = Elapsed time spent in this place.
 B = Non-inter-level travel time spent in this place.
 C = Inter-level travel time spent in this place.
 D = Time resting spent in this place.
 E = Time spent auto-exploring this place.
 F = Levels seen in this place.
 G = Mean time per level.
                   A        B        C        D        E       F      G
               +--------+--------+--------+--------+--------+-----+--------+
         Total |    820 |    766 |     54 |      0 |    638 |   2 |  410.0 |
       Dungeon |    820 |    766 |     54 |      0 |    638 |   2 |  410.0 |
               +--------+--------+--------+--------+--------+-----+--------+

Top non-repeatable levels by time:
     D:1: 766 daAuts
     D:2: 53 daAuts
